Map: Cyber Forest LE

Players

SandboX - Winner!

  • Race: Zerg Zerg
  • League: Gold
  • Spawn Location: 11:00

FBHKreator

  • Race: Zerg Zerg
  • League: Gold
  • Spawn Location: 5:00

VOD

Have the link to the VOD?

Description

Time

  • Played on: Aug. 11, 2019, 5:09 p.m.
  • Length: 5:06
Show
View Real Time Build Order
Export as new Build Order

SandboX Zerg - Winner!

Build Orders: Hatch First, Zergling Baneling 

Get SALT Encoding   

  12  0:01  Drone  
  13  0:08  Drone  
  14  0:16  Overlord  
  14  0:34  Drone x2  
  16  0:36  Drone  
  17  0:55  Hatchery  
  16  1:00  Drone x2  
  16  1:03  Extractor  
  17  1:20  Spawning Pool  
  17  1:23  Drone x2  
  18  1:32  Drone  
  19  1:42  Overlord  
  19  2:07  Zergling x4  
  21  2:09  Zergling x2, Queen x2  
  21  2:13  Metabolic Boost  
  26  2:17  Drone  
  26  2:20  Drone  
  28  2:41  Drone x4  
  28  2:44  Overlord  
  31  3:11  Baneling Nest  
  30  3:13  Hatchery  
  29  3:23  Zergling x12  
  31  3:32  Zergling x8  
  37  3:48  Queen  
  34  3:51  Zergling x8  
  40  4:06  Zergling x6  
  43  4:13  Baneling  
  43  4:14  Baneling x9  
  43  4:28  Queen  
Show
View Real Time Build Order
Export as new Build Order

FBHKreator Zerg 

Build Orders: Pool First 

Get SALT Encoding   

  12  0:01  Drone  
  13  0:10  Drone  
  14  0:18  Overlord  
  14  0:36  Drone x2  
  14  0:37  Drone  
  17  0:47  Drone  
  18  0:50  Extractor  
  17  0:59  Drone  
  18  1:07  Spawning Pool  
  17  1:13  Drone  
  18  1:29  Drone  
  18  1:30  Hatchery  
  18  1:35  Drone  
  19  1:50  Overlord  
  19  1:54  Metabolic Boost  
  19  1:55  Zergling x2  
  20  2:02  Zergling x2  
  21  2:15  Zergling x2  
  24  2:22  Spine Crawler  
  23  2:25  Zergling x2  
  24  2:36  Zergling x2  
  23  2:51  Zergling x2  
  23  3:08  Zergling x4  
  25  3:18  Zergling x2  
  21  3:35  Zergling x2  
  21  3:40  Drone x3  
  25  3:42  Queen  
  27  3:55  Drone x2, Roach Warren  
  28  4:03  Spine Crawler  
  28  4:04  Spine Crawler  
  28  4:08  Evolution Chamber  
  25  4:11  Drone x2  
  20  4:46  Drone x2  
  20  4:47  Zergling x2  
Tags
 
Add a new tag
Caveats
  • Supply blocks, unpowered buildings, or Contaminate may cause inaccurate times.
  • Supply counts are checked every 10 seconds.